 Dungeon Crawl Stone Soup version 0.30-a0-782-ge64f9170bb (webtiles) character file.

Game seed: 16398702066223131336

9 Dirtsage the Trooper (level 2, 19/24 HPs)
             Began as a Demonspawn Fighter on Feb 27, 2023.
             Quit the game on level 1 of the Dungeon.
             The game lasted 00:01:35 (483 turns).

Dirtsage the Trooper (Demonspawn Fighter)            Turns: 483, Time: 00:01:35

Health: 19/24      AC:  7    Str: 16    XL:     2   Next: 6%
Magic:  2/2        EV:  8    Int:  9    God:
Gold:   27         SH:  4    Dex: 12    Spells: 1/1 levels left

rFire   . . .      SeeInvis .    a - +0 long sword
rCold   . . .      Faith    .    c - +0 buckler
rNeg    . . .      Spirit   .    b - +0 scale mail
rPois   .          Reflect  .    (no helmet)
rElec   .          Harm     .    g - +0 cloak
rCorr   .          Rampage  .    (no gloves)
Will    .....                    (no boots) Stlth
                                 (no amulet)
HPRegen 0.24/turn                (no ring)
MPRegen 0.08/turn                (no ring)

@: no status effects
A: claws 1
a: no special abilities


You were on level 1 of the Dungeon.
You visited 1 branch of the dungeon, and saw 1 of its levels.

You collected 27 gold pieces.

Inventory:

Hand Weapons
 a - a +0 long sword (weapon)
Armour
 b - a +0 scale mail (worn)
 c - a +0 buckler (worn)
 g - a +0 cloak (worn)
Scrolls
 f - a scroll of teleportation {unknown}
Potions
 d - a potion of might
 e - a potion of curing {unknown}


   Skills:
 - Level 3.0 Fighting
 + Level 2.5 Long Blades
 - Level 2.6 Armour
 - Level 2.6 Shields


You had one spell level left.
You didn't know any spells.
Your spell library was empty.

Dungeon Overview and Level Annotations

Branches:
Dungeon (1/15)

Altars:

Shops:
D:1 :(


Innate Abilities, Weirdness & Mutations

You have sharp fingernails.


Message History

You take 3 damage, and have 13/18 hp.
You swing at nothing.
The goblin hits you but does no damage. x2
You swing at nothing.
The goblin hits you but does no damage.
You swing at nothing.
You block the goblin's attack.
You swing at nothing.
The goblin hits you but does no damage. The goblin barely misses you.
The goblin hits you but does no damage.
You slash the goblin!
You kill the goblin!
The ball python bites you. The ball python grabs you.
The ball python constricts you.
You take 1 damage, and have 13/18 hp.
You closely miss the ball python. The ball python bites you.
The ball python constricts you.
You take 1 damage, and have 12/18 hp.
You hit the ball python.
The ball python is severely wounded.
The ball python closely misses you. The ball python constricts you.
The ball python bites you but does no damage.
The ball python constricts you.
You slash the ball python!
You kill the ball python!
You have reached level 2!
You feel monstrous as your demonic heritage exerts itself.
Your demonic ancestry asserts itself...
Your fingernails lengthen.
You regained 5 hp, and now have 17/24 hp.
MP restored: 2 You closely miss the goblin.
The goblin hits you but does no damage.
You closely miss the goblin. You block the goblin's attack.
The goblin hits you but does no damage.
You barely miss the goblin. The goblin barely misses you.
You barely miss the goblin. You block the goblin's attack.
You slash the goblin!
You kill the goblin!
Okay, then.
You now have 27 gold pieces (gained 3).
Things that are here:
a +0 club; a +0 spear Are you sure you want to abandon this character and quit the game? (Confirm with "yes".)

...#.≈≈≈.#.#
####.≈=≈.#.#
.....≈≈≈.#.# .
###......#.# .. #
#####....## ..# #
####..## ..# # ##..#
..
############.#####.#
................@..#
#################....#
...........# #.##!#
##########.# .#
...........# .
############ ##


There were no monsters in sight!

Vanquished Creatures
  2 ball pythons (D:1)
  An endoplasm (D:1)
  2 goblins (D:1)
  2 frilled lizards (D:1)
  2 rats (D:1)
9 creatures vanquished.

Notes
Turn   | Place    | Note
-------+----------+-------------------------------------------
     0 | D:1      | Dirtsage the Demonspawn Fighter began the quest for the
                  | Orb.
     0 | D:1      | Reached XP level 1. HP: 18/18 MP: 1/1
   406 | D:1      | Found Naupt's Antique Weapon Shoppe.
   426 | D:1      | Found Dacat's Book Shoppe.
   476 | D:1      | Discovered your monstrous ancestry.
   476 | D:1      | Gained mutation: You have sharp fingernails. [demonic
                  | ancestry]
   476 | D:1      | Reached XP level 2. HP: 17/24 MP: 2/2
   483 | D:1      | Quit the game

Illustrated notes

Levels and vault maps discovered:
D:1:      wheals_arrival_linesprint, layout_basic, serial_shops, shop, shop,
          nicolae_shop_hallway_stairs, minmay_misc_feat_hallway,
          corexii_item_surrounded_by_moat, nrook_mini_backslash,
          nicolae_concentric_dashed_squares_wild, minmay_tall_x

Skill      XL: |  1 |
---------------+----+-----
Long Blades    | 2 |  2.5
Fighting       | |  3.0
Armour         | |  2.6
Shields        | |  2.6

Action                     || total
---------------------------++-------
  Melee: Long sword        ||    34
 Armour: Scale mail        ||    22
  Dodge: Dodged            ||    15
  Block: Buckler           ||     7

Table legend: (Time is in decaauts)
 A = Elapsed time spent in this place.
 B = Non-inter-level travel time spent in this place.
 C = Inter-level travel time spent in this place.
 D = Time resting spent in this place.
 E = Time spent auto-exploring this place.
 F = Levels seen in this place.
 G = Mean time per level.
                   A        B        C        D        E       F      G
               +--------+--------+--------+--------+--------+-----+--------+
         Total |    495 |    495 |      0 |    139 |    260 |   1 |  495.0 |
       Dungeon |    495 |    495 |      0 |    139 |    260 |   1 |  495.0 |
               +--------+--------+--------+--------+--------+-----+--------+

Top non-repeatable levels by time:
     D:1: 495 daAuts
